Map: Port Aleksander LE

Players

HellraiseR

  • Race: Protoss Protoss
  • Spawn Location: 11:00

MacSed - Winner!

  • Race: Protoss Protoss
  • Spawn Location: 5:00

Event: 2019 WCS Spring

VOD

Have the link to the VOD?

Description

Time

  • Played on: May 18, 2019, 7:36 a.m.
  • Length: 11:30

All games in this series

Show
View Real Time Build Order
Export as new Build Order

HellraiseR Protoss 

Build Orders: Oracle Opening 

Get SALT Encoding   

  12  0:00  Probe  
  13  0:12  Probe  
  14  0:18  Pylon  
  14  0:23  Probe  
  15  0:32  Probe  
  15  0:39  Gateway  
  15  0:40  Probe  
  16  0:47  Assimilator  
  17  0:52  Probe  
  17  0:55  Assimilator  
  18  1:00  Probe  
  18  1:09  Probe, Gateway  
  20  1:20  Probe  
  21  1:26  Cybernetics Core  
  21  1:32  Probe  
  22  1:36  Pylon  
  22  1:44  Probe  
  23  1:56  Probe  
  24  2:02  Stalker  
  24  2:03  Stalker  
  24  2:04  Warp Gate  
  28  2:08  Probe  
  29  2:15  Pylon  
  29  2:21  Probe  
  30  2:27  Pylon  
  30  2:40  Stargate  
  30  2:47  Adept  
  30  2:48  Adept  
  33  3:12  Nexus  
  33  3:13  Oracle  
  33  3:16  Probe  
  37  3:28  Probe  
  37  3:34  Pylon  
  38  3:40  Probe  
  39  3:45  Oracle  
  43  3:59  Stalker  
  43  4:01  Stalker  
  42  4:05  Probe  
  43  4:16  Twilight Council  
  43  4:17  Probe  
  44  4:24  Probe  
  44  4:28  Probe  
  46  4:33  Probe  
  46  4:36  Probe  
  41  4:41  Probe  
  41  4:42  Stalker  
  41  4:43  Stalker  
  41  4:45  Probe, Blink  
  48  4:55  Probe  
  48  4:58  Probe  
  47  5:11  Stalker  
  47  5:13  Stalker  
  51  5:15  Probe  
  51  5:16  Probe  
  53  5:24  Probe  
  53  5:28  Probe  
  55  5:32  Probe  
  55  5:34  Stalker  
  57  5:36  Stalker  
  57  5:40  Probe  
  61  5:44  Probe  
  61  5:48  Robotics Facility  
  62  5:50  Pylon  
  62  5:54  Assimilator  
  62  6:00  Gateway  
  62  6:09  Probe x2  
  64  6:14  Assimilator, Forge  
  64  6:17  Stalker  
  64  6:18  Stalker  
  68  6:21  Probe, Pylon  
  68  6:24  Probe  
  70  6:36  Shield Battery  
  70  6:37  Observer  
  70  6:39  Robotics Bay, Probe  
  71  6:40  Probe  
  71  6:44  Pylon  
  73  6:51  Probe  
  73  6:53  Probe  
  75  7:01  Warp Prism  
  75  7:03  Protoss Ground Weapons Level 1  
  75  7:05  Dark Shrine  
  75  7:08  Gateway  
  78  7:15  Gateway  
  77  7:18  Gateway  
  77  7:21  Colossus  
  77  7:22  Probe  
  78  7:30  Photon Cannon  
  78  7:43  Extended Thermal Lance, Pylon  
  84  7:52  Gateway  
  84  7:59  Pylon  
  84  8:04  Colossus  
  81  8:19  Charge  
  87  8:23  Zealot x4  
  95  8:29  Pylon  
  95  8:41  Nexus  
  95  8:56  Colossus  
  95  8:57  Protoss Ground Weapons Level 2  
  95  9:01  Probe  
  100  9:08  Dark Templar x2  
  100  9:09  Dark Templar  
  106  9:10  Zealot x2  
  106  9:14  Pylon  
  110  9:33  Pylon  
  110  9:40  Zealot  
  110  9:44  Pylon  
  112  9:45  Pylon  
  112  9:49  Pylon  
  112  9:50  Pylon  
  108  10:04  Warp Prism  
  108  10:05  Nexus  
  108  10:06  Dark Templar x4  
  116  10:10  Pylon, Archon  
  116  10:11  Archon  
  116  10:12  Zealot, Sentry  
  120  10:22  Zealot  
  122  10:33  Dark Templar  
  122  10:35  Dark Templar  
  126  10:40  Archon  
  126  10:41  Zealot x3  
  132  10:45  Zealot  
  134  10:55  Pylon  
  134  11:01  Zealot  
  134  11:02  Zealot  
  77  11:27  Dark Templar  
  77  11:28  Dark Templar x4  
Show
View Real Time Build Order
Export as new Build Order

MacSed Protoss - Winner!

Build Orders: Oracle Opening 

Get SALT Encoding   

  12  0:00  Probe  
  13  0:12  Probe  
  14  0:18  Pylon  
  14  0:24  Probe  
  15  0:32  Probe  
  15  0:39  Gateway  
  15  0:40  Probe  
  16  0:47  Assimilator  
  17  0:51  Probe  
  17  0:55  Assimilator  
  18  0:59  Probe  
  19  1:07  Probe  
  19  1:13  Gateway  
  19  1:17  Probe  
  21  1:27  Cybernetics Core  
  21  1:30  Probe  
  22  1:38  Pylon  
  22  1:42  Probe  
  23  1:56  Probe  
  24  2:04  Stalker, Warp Gate  
  24  2:05  Sentry  
  24  2:08  Probe  
  29  2:15  Pylon  
  29  2:30  Pylon  
  29  2:35  Stalker x2  
  33  2:50  Stargate  
  33  3:08  Nexus  
  33  3:13  Pylon  
  33  3:20  Probe  
  33  3:23  Oracle  
  34  3:32  Probe  
  38  3:37  Shield Battery  
  38  3:47  Probe  
  37  3:59  Probe  
  37  4:01  Stalker x2  
  42  4:11  Pylon  
  42  4:14  Robotics Facility  
  42  4:18  Probe  
  42  4:23  Probe  
  43  4:26  Probe  
  45  4:36  Probe  
  45  4:37  Probe  
  42  4:39  Sentry x2  
  48  4:48  Probe  
  48  4:51  Probe  
  49  4:59  Probe  
  49  5:00  Probe  
  49  5:02  Observer  
  52  5:07  Probe  
  52  5:08  Forge  
  52  5:10  Shield Battery  
  52  5:12  Probe  
  54  5:17  Probe  
  54  5:18  Stalker x2  
  59  5:25  Probe  
  59  5:26  Protoss Ground Weapons Level 1  
  60  5:29  Probe  
  60  5:30  Assimilator  
  60  5:32  Assimilator  
  61  5:37  Probe  
  62  5:44  Pylon  
  62  5:48  Pylon  
  62  5:52  Immortal, Twilight Council  
  62  6:02  Probe x2  
  68  6:10  Pylon  
  68  6:14  Probe  
  69  6:20  Gateway  
  69  6:21  Gateway  
  69  6:27  Gateway  
  69  6:28  Gateway  
  69  6:31  Warp Prism  
  71  6:38  Gateway  
  71  6:41  Gateway  
  71  6:44  Pylon  
  71  6:46  Zealot  
  73  6:48  Zealot  
  73  7:02  Phoenix, Charge  
  75  7:09  Pylon, Protoss Ground Weapons Level 2  
  75  7:16  Probe  
  75  7:19  Zealot x4  
  75  7:22  Pylon  
  84  7:28  Pylon  
  84  7:30  Phoenix  
  86  7:42  Templar Archives  
  86  7:47  Immortal  
  90  7:52  Pylon  
  90  8:02  Phoenix  
  92  8:08  Pylon  
  92  8:16  Nexus  
  92  8:18  High Templar  
  92  8:19  High Templar x3  
  100  8:22  Pylon  
  100  8:23  Archon  
  100  8:24  Zealot, Archon  
  102  8:29  Probe x2  
  104  8:40  Nexus  
  104  8:41  Immortal  
  108  8:46  Phoenix  
  108  8:55  Probe  
  109  9:01  Zealot x2, High Templar x2  
  117  9:06  Archon  
  117  9:14  Phoenix  
  119  9:21  Probe x2  
  121  9:25  Observer  
  121  9:30  Zealot x3  
  121  9:31  Zealot x2  
  115  10:05  Probe  
  115  10:06  Probe  
  115  10:08  Photon Cannon, Shield Battery  
  115  10:10  Photon Cannon  
  115  10:12  Photon Cannon  
  116  10:14  Probe  
  116  10:17  Probe  
  117  10:21  Probe  
  117  10:23  High Templar x2  
  117  10:27  Archon  
  122  10:29  Probe x2  
  122  10:32  High Templar x2  
  128  10:37  Archon  
  128  10:39  Probe  
  128  10:42  Phoenix  
  131  10:46  Probe x2  
  133  10:53  High Templar  
  133  10:55  High Templar  
  135  10:59  Archon  
  135  11:02  Zealot x3  
  135  11:17  Zealot x3  
  99  11:25  Zealot x3  
Tags
 
Add a new tag
Caveats
  • Supply blocks, unpowered buildings, or Contaminate may cause inaccurate times.
  • Supply counts are checked every 10 seconds.